PCL
TACOMA CUBS @ EUGENE EMERALDS
07/04/1982
 
TOP OF THE 1ST
Tacoma Cubs batting - Pitching for Eugene Emeralds : RHP George Frazier
Pitching: RHP George Frazier
Batting: LHB John Elway 0-0: Swinging Strike
0-1: SINGLE (Line Drive, 34, EV 102.5 MPH)
Batting: RHB Glenn Hubbard 0-0: Ball
John Elway steals 2nd base (no throw)
1-0: Ground out 5-3 (Groundball, 56S, EV 69.4 MPH)
John Elway to third
Batting: LHB Willie Gonzalez 0-0: Ball
1-0: Ball
2-0: Called Strike
2-1: Fly out, F7 (Flyball, 7D, EV 88.1 MPH)
Runner from 3rd tags up, SCORES, throw by LF
Batting: LHB Dan Pasqua 0-0: Foul Ball, location: 2F
0-1: TRIPLE (Flyball, 89XD, EV 102.5 MPH)
Batting: RHB Marty Castillo 0-0: Ball
1-0: Ball
2-0: Ball
3-0: Called Strike
3-1: Base on Balls
Batting: LHB John D Morris 0-0: Called Strike
0-1: Ball
1-1: Foul Ball, location: 2F
1-2: Ball
2-2: Foul Ball, location: 2F
2-2: Ball
Wild Pitch!
Dan Pasqua scores
Marty Castillo to second
3-2: Foul Ball, location: 2F
3-2: Foul Ball, location: 2F
3-2: Ground out 4-3 (Groundball, 4, EV 90.6 MPH)
Top of the 1st over - 2 runs, 2 hits, 0 errors, 1 left on base; Tacoma 2 - Eugene 0
BOTTOM OF THE 1ST
Eugene Emeralds batting - Pitching for Tacoma Cubs : LHP Bob Sykes
Pitching: LHP Bob Sykes
Batting: LHB James Peters 0-0: Called Strike
0-1: Ball
1-1: Foul Ball, location: 2F
1-2: Foul Ball, location: 2F
1-2: Foul Ball, location: 2F
1-2: Fly out, F8 (Flyball, 8RS, EV 82.5 MPH)
Batting: LHB Randy Bush 0-0: Ball
1-0: Called Strike
1-1: Ball
2-1: Called Strike
2-2: Ground out U3 (Groundball, 3L, EV 86.9 MPH)
Batting: LHB Ty Gainey 0-0: Ground out U3 (Groundball, 3, EV 100.0 MPH)
Bottom of the 1st over - 0 runs, 0 hits, 0 errors, 0 left on base; Tacoma 2 - Eugene 0
TOP OF THE 2ND
Tacoma Cubs batting - Pitching for Eugene Emeralds : RHP George Frazier
Batting: RHB Paul Szymarek 0-0: Called Strike
0-1: Ball
1-1: Called Strike
1-2: Ball
2-2: Foul Ball, location: 2F
2-2: Foul Ball, location: 2F
2-2: Ball
3-2: Foul Ball, location: 2F
3-2: Fly out, F2 (Popup, 3SF, EV 73.8 MPH)
Batting: RHB Alex Trevino 0-0: Fly out, F8 (Flyball, 8LS, EV 81.9 MPH)
Batting: RHB Houston Jimenez 0-0: Ball
1-0: Called Strike
1-1: Ball
2-1: Ball
3-1: Foul Ball, location: 2F
3-2: Base on Balls
Batting: LHB John Elway 0-0: Ball
1-0: Foul Ball, location: 2F
1-1: Ball
2-1: Ball
3-1: Foul Ball, location: 2F
3-2: Base on Balls
Houston Jimenez to second
Batting: RHB Glenn Hubbard 0-0: Called Strike
0-1: Ball
1-1: Ground out U3 (Groundball, 3L, EV 107.5 MPH)
Top of the 2nd over - 0 runs, 0 hits, 0 errors, 2 left on base; Tacoma 2 - Eugene 0
BOTTOM OF THE 2ND
Eugene Emeralds batting - Pitching for Tacoma Cubs : LHP Bob Sykes
Batting: LHB Dave Revering 0-0: Called Strike
0-1: Ball
1-1: DOUBLE (Flyball, 8LXD, EV 100.0 MPH)
Batting: RHB Tim Wallach 0-0: Called Strike
0-1: Ground out 4-3 (Groundball, 4M, EV 101.9 MPH)
Dave Revering to third
Batting: RHB Derrell Baker 0-0: Called Strike
0-1: Ball
1-1: Fly out, F8 (Line Drive, 8LM, EV 95.6 MPH)
Runner from 3rd tags up, SCORES, no throw by CF
Batting: LHB Clay Hill 0-0: Ball
1-0: Fly out, F7 (Line Drive, 7D, EV 96.3 MPH)
Bottom of the 2nd over - 1 run, 1 hit, 0 errors, 0 left on base; Tacoma 2 - Eugene 1
TOP OF THE 3RD
Tacoma Cubs batting - Pitching for Eugene Emeralds : RHP George Frazier
Batting: LHB Willie Gonzalez 0-0: Ball
1-0: Ball
2-0: Called Strike
2-1: Swinging Strike
2-2: Fly out, F8 (Flyball, 78M, EV 86.3 MPH)
Batting: LHB Dan Pasqua 0-0: Ball
1-0: DOUBLE (Flyball, 8RXD, EV 108.1 MPH)
Batting: RHB Marty Castillo 0-0: Ball
1-0: Ball
2-0: Ball
3-0: Ground out 6-3 (Groundball, 6S, EV 69.4 MPH)
Dan Pasqua to third
Batting: LHB John D Morris 0-0: Foul Ball, location: 2F
0-1: Ball
1-1: DOUBLE (Line Drive, 78D, EV 111.3 MPH)
Dan Pasqua scores
Batting: RHB Paul Szymarek 0-0: Ground out 6-3 (Groundball, 6, EV 85.6 MPH)
Top of the 3rd over - 1 run, 2 hits, 0 errors, 1 left on base; Tacoma 3 - Eugene 1
BOTTOM OF THE 3RD
Eugene Emeralds batting - Pitching for Tacoma Cubs : LHP Bob Sykes
Batting: LHB Terry Lee 0-0: Foul Ball, location: 2F
0-1: Foul Ball, location: 2F
0-2: Ground out 4-3 (Groundball, 4M, EV 108.1 MPH)
Batting: RHB Bill Salazar 0-0: Ball
1-0: Foul Ball, location: 2F
1-1: Ball
2-1: SINGLE (Line Drive, 9S, EV 109.4 MPH)
Batting: LHB James Peters 0-0: Foul Ball, location: 2F
0-1: Foul Ball, location: 2F
0-2: Ball
1-2: Ball
2-2: Ball
3-2: Fly out, F9 (Flyball, 9S, EV 91.3 MPH)
Batting: LHB Randy Bush 0-0: Called Strike
0-1: Swinging Strike
0-2: Ball
1-2: Ball
2-2: Foul Ball, location: 2F
2-2: Foul Ball, location: 2F
2-2: Strikes out looking
Bottom of the 3rd over - 0 runs, 1 hit, 0 errors, 1 left on base; Tacoma 3 - Eugene 1
TOP OF THE 4TH
Tacoma Cubs batting - Pitching for Eugene Emeralds : RHP George Frazier
Batting: RHB Alex Trevino 0-0: Called Strike
0-1: SINGLE (Groundball, 6MD, EV 97.5 MPH)
Batting: RHB Houston Jimenez 0-0: Ball
1-0: Fly out, F9 (Line Drive, 9, EV 94.4 MPH)
Batting: LHB John Elway 0-0: Swinging Strike
0-1: Ball
1-1: Ball
2-1: Foul Ball, location: 2F
2-2: Fly out, F7 (Flyball, 78S, EV 94.4 MPH)
Batting: RHB Glenn Hubbard 0-0: Ball
1-0: Foul Ball, location: 2F
1-1: Swinging Strike
1-2: Fielders Choice at 2nd, 5-4 (Groundball, 56, EV 79.4 MPH)
Top of the 4th over - 0 runs, 1 hit, 0 errors, 1 left on base; Tacoma 3 - Eugene 1
BOTTOM OF THE 4TH
Eugene Emeralds batting - Pitching for Tacoma Cubs : LHP Bob Sykes
Batting: LHB Ty Gainey 0-0: Ball
1-0: Ball
2-0: Foul Ball, location: 2F
2-1: Foul Ball, location: 2F
2-2: Foul Ball, location: 2F
2-2: Strikes out swinging
Batting: LHB Dave Revering 0-0: Ball
1-0: Ball
2-0: Called Strike
2-1: Ball
3-1: Base on Balls
Batting: RHB Tim Wallach 0-0: Ball
1-0: Swinging Strike
1-1: SINGLE (Flyball, 5D, EV 93.8 MPH)
Dave Revering to second
Batting: RHB Derrell Baker 0-0: Ball
1-0: Ball
2-0: Ball
3-0: Base on Balls
Dave Revering to third
Tim Wallach to second
Batting: LHB Clay Hill 0-0: Ball
1-0: Ball
2-0: Called Strike
2-1: Foul Ball, location: 2F
2-2: Ball
3-2: Base on Balls
Dave Revering scores
Tim Wallach to third
Derrell Baker to second
Batting: LHB Terry Lee 0-0: Called Strike
0-1: Called Strike
0-2: DOUBLE (Flyball, 89XD, EV 100.0 MPH)
Tim Wallach scores
Derrell Baker scores
Clay Hill to third
Batting: RHB Bill Salazar 0-0: Swinging Strike
0-1: Foul Ball, location: 2F
0-2: Strikes out looking
Batting: LHB James Peters 0-0: Called Strike
0-1: Ball
1-1: Called Strike
1-2: Strikes out swinging
Bottom of the 4th over - 3 runs, 2 hits, 0 errors, 2 left on base; Tacoma 3 - Eugene 4
TOP OF THE 5TH
Tacoma Cubs batting - Pitching for Eugene Emeralds : RHP George Frazier
Batting: LHB Willie Gonzalez 0-0: Ball
1-0: Ball
2-0: Ball
3-0: Base on Balls
Batting: LHB Dan Pasqua 0-0: Ball
1-0: Called Strike
1-1: Fly out, F9 (Flyball, 89M, EV 88.8 MPH)
Batting: RHB Marty Castillo 0-0: DOUBLE (Line Drive, 9LM, EV 95.6 MPH)
Willie Gonzalez to third
Runner from 3rd tries for Home, SAFE, throw by RF to trailing runner, OUT at third! 9-3-5
Batting: LHB John D Morris 0-0: Ball
1-0: Called Strike
1-1: Fly out, F9 (Line Drive, 9, EV 93.1 MPH)
Top of the 5th over - 1 run, 1 hit, 0 errors, 0 left on base; Tacoma 4 - Eugene 4
BOTTOM OF THE 5TH
Eugene Emeralds batting - Pitching for Tacoma Cubs : LHP Bob Sykes
Batting: LHB Randy Bush 0-0: Foul Ball, location: 2F
0-1: Called Strike
0-2: Foul Ball, location: 2F
0-2: Strikes out swinging
Batting: LHB Ty Gainey 0-0: Foul Ball, location: 2F
0-1: Ball
1-1: Foul Ball, location: 2F
1-2: Fly out, F8 (Flyball, 78XD, EV 102.5 MPH)
Batting: LHB Dave Revering 0-0: Called Strike
0-1: Ball
1-1: Ball
2-1: Fly out, F9 (Line Drive, 9, EV 102.5 MPH)
Bottom of the 5th over - 0 runs, 0 hits, 0 errors, 0 left on base; Tacoma 4 - Eugene 4
TOP OF THE 6TH
Tacoma Cubs batting - Pitching for Eugene Emeralds : RHP George Frazier
Pitching: LHP Martin Pavlik
Batting: RHB Paul Szymarek 0-0: Foul Ball, location: 2F
0-1: DOUBLE (Flyball, 89D, EV 113.1 MPH)
Batting: RHB Alex Trevino 0-0: Foul Ball, location: 2F
0-1: Ball
1-1: Ball
2-1: Swinging Strike
2-2: SINGLE (Line Drive, 89S, EV 99.4 MPH)
Paul Szymarek to third
Runner from 3rd tries for Home, SAFE, throw by RF to home
Alex Trevino to second
Batting: RHB Houston Jimenez 0-0: Called Strike
0-1: Ball
1-1: Foul Ball, location: 2F
1-2: Ball
2-2: Ball
3-2: Foul Ball, location: 2F
3-2: Fly out, F4 (Popup, 34D, EV 55.6 MPH)
Batting: LHB John Elway 0-0: Ball
1-0: Called Strike
1-1: Foul Ball, location: 2F
1-2: Foul Ball, location: 2F
1-2: Strikes out swinging
Batting: RHB Glenn Hubbard 0-0: Foul Ball, location: 2F
0-1: Swinging Strike
0-2: Fly out, F9 (Flyball, 9, EV 91.9 MPH)
Top of the 6th over - 1 run, 2 hits, 0 errors, 1 left on base; Tacoma 5 - Eugene 4
BOTTOM OF THE 6TH
Eugene Emeralds batting - Pitching for Tacoma Cubs : LHP Bob Sykes
Batting: RHB Tim Wallach 0-0: Ball
1-0: Ball
2-0: Foul Ball, location: 2F
2-1: Ball
3-1: Fly out, F9 (Flyball, 9S, EV 88.1 MPH)
Batting: RHB Derrell Baker 0-0: Ground out 5-3 (Groundball, 5L, EV 80.0 MPH)
Batting: LHB Clay Hill 0-0: Ball
1-0: Swinging Strike
1-1: Called Strike
1-2: Fly out, F8 (Flyball, 8LS, EV 88.8 MPH)
Bottom of the 6th over - 0 runs, 0 hits, 0 errors, 0 left on base; Tacoma 5 - Eugene 4
TOP OF THE 7TH
Tacoma Cubs batting - Pitching for Eugene Emeralds : LHP Martin Pavlik
Batting: LHB Willie Gonzalez 0-0: Ball
1-0: Foul Ball, location: 2F
1-1: SINGLE (Line Drive, 34D, EV 98.1 MPH)
Batting: LHB Dan Pasqua 0-0: Ball
1-0: Foul Ball, location: 2F
1-1: Fly out, F7 (Flyball, 78S, EV 87.5 MPH)
Batting: RHB Marty Castillo 0-0: Called Strike
0-1: Ball
1-1: Grounds into double play, 6-4-3 (Groundball, 6, EV 89.4 MPH)
Top of the 7th over - 0 runs, 1 hit, 0 errors, 0 left on base; Tacoma 5 - Eugene 4
BOTTOM OF THE 7TH
Eugene Emeralds batting - Pitching for Tacoma Cubs : LHP Bob Sykes
Batting: LHB Terry Lee 0-0: Foul Ball, location: 2F
0-1: Ball
1-1: Fly out, F8 (Flyball, 78D, EV 85.0 MPH)
Batting: RHB Bill Salazar 0-0: Ball
1-0: Ball
2-0: Ground out 4-3 (Groundball, 34, EV 97.5 MPH)
Batting: LHB James Peters 0-0: Ground out 1-3 (Groundball, 13S, EV 63.8 MPH)
Bottom of the 7th over - 0 runs, 0 hits, 0 errors, 0 left on base; Tacoma 5 - Eugene 4
TOP OF THE 8TH
Tacoma Cubs batting - Pitching for Eugene Emeralds : LHP Martin Pavlik
Batting: LHB John D Morris 0-0: Ball
1-0: Ball
2-0: Called Strike
2-1: Swinging Strike
2-2: Ground out 4-3 (Groundball, 34, EV 106.3 MPH)
Batting: RHB Paul Szymarek 0-0: Called Strike
0-1: Ball
1-1: SINGLE (Flyball, 78S, EV 82.5 MPH)
Batting: RHB Alex Trevino 0-0: Ball
1-0: Ball
2-0: Swinging Strike
2-1: Grounds into double play, 4-6-3 (Groundball, 34D, EV 84.4 MPH)
Top of the 8th over - 0 runs, 1 hit, 0 errors, 0 left on base; Tacoma 5 - Eugene 4
BOTTOM OF THE 8TH
Eugene Emeralds batting - Pitching for Tacoma Cubs : LHP Bob Sykes
Batting: LHB Randy Bush 0-0: Foul Ball, location: 2F
0-1: Fly out, F2 (Popup, 2LF, EV 95.0 MPH)
Batting: LHB Ty Gainey 0-0: Called Strike
0-1: Foul Ball, location: 2F
0-2: Ball
1-2: Fly out, F9 (Flyball, 89XD, EV 91.9 MPH)
Batting: LHB Dave Revering 0-0: Ball
1-0: Ground out 6-3 (Groundball, 6, EV 85.6 MPH)
Bottom of the 8th over - 0 runs, 0 hits, 0 errors, 0 left on base; Tacoma 5 - Eugene 4
TOP OF THE 9TH
Tacoma Cubs batting - Pitching for Eugene Emeralds : LHP Martin Pavlik
Batting: RHB Houston Jimenez 0-0: Ball
1-0: Ball
2-0: Ball
3-0: Called Strike
3-1: Base on Balls
Batting: LHB John Elway 0-0: Ball
1-0: Ball
2-0: Fly out, F9 (Flyball, 9D, EV 95.0 MPH)
Batting: RHB Glenn Hubbard 0-0: Fly out, F6 (Line Drive, 6, EV 71.3 MPH)
Batting: LHB Willie Gonzalez 0-0: Called Strike
Houston Jimenez steals 2nd base
0-1: Ball
1-1: Called Strike
1-2: Ball
2-2: DOUBLE (Flyball, 78XD, EV 100.6 MPH)
Houston Jimenez scores
Batting: LHB Dan Pasqua 0-0: Ball
1-0: Ball
2-0: Foul Ball, location: 2F
2-1: Ball
3-1: Called Strike
3-2: Base on Balls
Pitching: RHP Jack Morris
Batting: RHB Marty Castillo 0-0: Swinging Strike
0-1: Swinging Strike
0-2: Ball
1-2: Strikes out looking
Top of the 9th over - 1 run, 1 hit, 0 errors, 2 left on base; Tacoma 6 - Eugene 4
BOTTOM OF THE 9TH
Eugene Emeralds batting - Pitching for Tacoma Cubs : LHP Bob Sykes
Pitching: RHP Paul Thormodsgard
Batting: RHB Tim Wallach 0-0: Fly out, F8 (Flyball, 8RM, EV 75.6 MPH)
Batting: RHB Derrell Baker 0-0: Ball
1-0: SINGLE (Flyball, 56D, EV 86.9 MPH)
Batting: LHB Clay Hill 0-0: Called Strike
0-1: Fly out, F5 (Line Drive, 5, EV 69.4 MPH)
Batting: LHB Terry Lee 0-0: Swinging Strike
0-1: Fly out, F7 (Flyball, 7D, EV 102.5 MPH)
Bottom of the 9th over - 0 runs, 1 hit, 0 errors, 1 left on base; Tacoma 6 - Eugene 4
Thursday, August 13th, 2020 - OOTP Baseball 21.5 Build 76